 Dungeon Crawl Stone Soup version 0.30-a0-341-g682706514a (webtiles) character file.

Game seed: 9392275335634143685

422 Lanoc the Poker (level 6, 0/50 HPs)
             Began as a Merfolk Chaos Knight on Nov 3, 2022.
             Was a Plaything of Xom.
             Slain by an adder (4 damage)
             ... in a sewer.
             The game lasted 00:05:49 (1707 turns).

Lanoc the Poker (Merfolk Chaos Knight)              Turns: 1707, Time: 00:05:49

Health: 0/50       AC:  5    Str: 15    XL:     6   Next: 95%
Magic:  6/6        EV: 17    Int: 11    God:    Xom [..*...]
Gold:   84         SH:  0    Dex: 16    Spells: 5/5 levels left

rFire   + . .      SeeInvis +    p - +6 morningstar of Xom's Righteous Anger {chaos, Dex+3 SInv}
rCold   + . .      Faith    .    (no shield)
rNeg    . . .      Spirit   .    b - +2 leather armour
rPois   +          Reflect  .    (no helmet)
rElec   +          Harm     .    (no cloak)
rCorr   +          Rampage  .    (no gloves)
Will    .....                    (boots currently unavailable)
Stlth   ++........               (no amulet)
HPRegen 0.28/turn                (no ring)
MPRegen 0.10/turn                (no ring)

@: resistant, very quick
A: nimble swimmer 2, mertail
a: Renounce Religion


You were in a sewer.
You worshipped Xom.
You were a toy of Xom.
You visited 1 branch of the dungeon, and saw 3 of its levels.
You also visited: Sewer.

You collected 84 gold pieces.

Inventory:

Hand Weapons
 a - a +0 spear of chaos
 p - the +6 morningstar of Xom's Righteous Anger (weapon) {chaos, Dex+3 SInv}
   (Xom gifted it to you on level 2 of the Dungeon)

   Each time it hits an enemy it has a different, random effect.
   Dex:       It affects your dexterity (+3).
   SInv:      It lets you see invisible.
Missiles
 d - 3 boomerangs
Armour
 b - a +2 leather armour (worn)
Scrolls
 g - 2 scrolls of fear {unknown}
 h - a scroll of teleportation
 j - a scroll of amnesia
 o - a scroll of enchant armour {unknown}
 t - a scroll of fog {unknown}
Potions
 f - a potion of degeneration {unknown}
 i - a potion of curing {unknown}
 k - a potion of brilliance {unknown}
 l - a potion of lignification
 m - a potion of berserk rage {unknown}
 n - a potion of might {unknown}
 q - a potion of cancellation
 r - a potion of magic {unknown}
 s - 2 potions of haste {unknown}
Miscellaneous
 c - a piece from Xom's chessboard (14/15) (quivered)


   Skills:
 + Level 4.9 Fighting
 * Level 7.6 Polearms
 - Level 0.6 Armour
 + Level 5.2 Dodging


You had 5 spell levels left.
You didn't know any spells.
Your spell library was empty.

Dungeon Overview and Level Annotations

Branches:
Dungeon (3/15)              Sewer (1/1)

Altars:
Nemelex Xobeh


Innate Abilities, Weirdness & Mutations

You are very nimble when in or above water. (Stealth+, EV+, Speed+++)
Your lower body shifts to a powerful aquatic tail in water.


Message History

The bullfrog barely misses the bullfrog.
The bullfrog barely misses itself.
The adder barely misses you. The adder bites you.
You are poisoned.
The adder poisons you!
Your piece from Xom's chessboard (14/15) has regained one charge.
You escape the ball python's grasp.
You feel sick. The ball python bites you. The harpy misses you.
The harpy claws you.
The ball python misses the ball python.
You thump the harpy!
You feel better.
The harpy is heavily wounded.
You feel sick. The harpy misses you. The harpy claws you but does no damage.
The bullfrog misses something.
The ball python bites you but does no damage.
The ball python closely misses you. The adder misses you.
The bullfrog hits something.
You feel a bit more experienced. The adder barely misses you.
You hit the harpy. You tail-slap the harpy.
The harpy is severely wounded.
You feel sick. The harpy closely misses you. The harpy claws you!
The adder misses you. x3; The harpy closely misses you.
The harpy claws you but does no damage. The adder bites you but does no damage.
You closely miss the harpy.
The harpy is severely wounded.
You feel sick. The harpy claws you!
* * * LOW HITPOINT WARNING * * *
The harpy misses you. The harpy claws you!
* * * LOW HITPOINT WARNING * * *
The harpy misses you. The adder bites you.
* * * LOW HITPOINT WARNING * * *
The adder completely misses you. The ball python closely misses you.
The adder completely misses you. The harpy barely misses you.
The harpy closely misses you. The adder completely misses you.
It was a potion of resistance.
You feel protected.
You feel sick.
You are no longer poisoned.
The adder bites you.
You die...
Xom guffaws!

.†††'..# ....#..# #...####
#....################## #+
#......≈≈≈≈≈≈≈≈≈≈≈≈≈≈~#...
##....~≈≈~~~≈≈≈≈≈~~≈~≈~...
#....~~~~~~~~≈≈H†~~~≈~...
#..†.~≈~~~~~≈~≈SS~F≈~F...
##...~≈≈~≈~#~..@#~≈≈≈~.†.
###..≈≈≈≈≈≈≈~~~S≈≈~≈....
######################


You could see a harpy shaped shifter, 2 bullfrogs, 2 adders and a ball python
(confused).

Vanquished Creatures
  Sigmund (D:3)
  A gnoll (D:2)
  7 adders
  6 river rats (Sewer)
  A worm (D:2)
  2 dart slugs
  An orc (D:3)
  10 bats
  3 endoplasms
  2 giant cockroaches (D:1)
  3 hobgoblins
  A jackal (D:3)
  3 kobolds (D:2)
  A quokka (D:1)
  16 ball pythons
  7 frilled lizards
  3 goblins
  28 rats
96 creatures vanquished.

Vanquished Creatures (collateral kills)
  Jessica (D:3)
  2 adders (D:3)
  2 endoplasms (D:3)
  A kobold (D:3)
  2 ball pythons (D:3)
  A bat (D:3)
9 creatures vanquished.

Vanquished Creatures (others)
  A bat (D:2)
  A ball python zombie (D:3)
2 creatures vanquished.

Grand Total: 107 creatures vanquished

Notes
Turn   | Place    | Note
-------+----------+-------------------------------------------
     0 | D:1      | Lanoc the Merfolk Chaos Knight began the quest for the Orb.
     0 | D:1      | Reached XP level 1. HP: 18/18 MP: 1/1
   169 | D:1      | XOM: silly message
   177 | D:1      | Reached XP level 2. HP: 24/24 MP: 2/2
   351 | D:1      | XOM: polymorph goblin -> dart slug
   555 | D:1      | XOM: scenery: summon butterflies
   586 | D:1      | Reached XP level 3. HP: 27/29 MP: 3/3
   729 | D:2      | Reached skill level 5 in Polearms
   768 | D:2      | XOM: polymorph giant cockroach -> frilled lizard
   907 | D:2      | Identified the +6 morningstar of Xom's Righteous Anger
                  | {freeze, Dex+3 SInv} (Xom gifted it to you on level 2 of
                  | the Dungeon)
   907 | D:2      | XOM: god gift: +6 morningstar of Xom's Righteous Anger
                  | {chaos, Dex+3 SInv}
  1081 | D:3      | Noticed Jessica
  1086 | D:3      | XOM: summons 3 friendly demons
  1087 | D:3      | Reached XP level 4. HP: 17/37 MP: 4/4
  1087 | D:3      | Killed Jessica
  1150 | D:3      | Noticed Sigmund
  1151 | D:3      | Found a sparkling altar of Nemelex Xobeh.
  1154 | D:3      | XOM: scenery: summon butterflies
  1159 | D:3      | XOM: potion effect (haste)
  1166 | D:3      | XOM: silly message
  1167 | D:3      | XOM: summons friendly shadow imp
  1187 | D:3      | Killed Sigmund
  1188 | D:3      | Reached skill level 6 in Polearms
  1188 | D:3      | Reached XP level 5. HP: 43/43 MP: 5/5
  1188 | D:3      | Reached XP level 6. HP: 49/49 MP: 6/6
  1329 | D:3      | Reached skill level 7 in Polearms
  1350 | D:3      | Found a glowing drain.
  1359 | Sewer    | Entered a sewer
  1507 | Sewer    | Reached skill level 5 in Dodging
  1583 | Sewer    | XOM: polymorph ball python -> adder
  1696 | Sewer    | XOM: confuse monster(s)
  1697 | Sewer    | an adder changed into a shapeshifter
  1697 | Sewer    | Noticed a shapeshifter (shapeshifter)
  1697 | Sewer    | XOM: polymorph adder -> shapeshifter
  1697 | Sewer    | a shapeshifter changed into a harpy
  1697 | Sewer    | Noticed a harpy (shapeshifter)
  1701 | Sewer    | XOM: silly message
  1707 | Sewer    | Slain by an adder

Illustrated notes

Levels and vault maps discovered:
D:1:      lemuel_arrival_lava_pool, layout_basic
D:2:      layout_basic, chequers_serial_rivers_room_b
D:3:      layout_rooms, nemelex_spade_bored_becter, portal_sewer_entry_d,
          st_stairs_14, chequers_jeans, hangedman_feature_mirror, uniq_sigmund,
          uniq_jessica
Sewer:    sewer_minmay_w

Skill      XL: |  1  2  3  4  5  6 |
---------------+-------------------+-----
Dodging        | 3 4 5 |  5.2
Polearms       | 5 6 7 |  7.6
Fighting       | 4 |  4.9
Armour         | |  0.6

Action                   |  1- 3 |  4- 6 || total
-------------------------+-------+-------++-------
Melee: Spear             |   118 |       ||   118
       Morningstar       |    18 |    97 ||   115
       Tailslap          |       |     6 ||     6
Throw: Boomerang         |       |     1 ||     1
Evoke: Piece from Xom's  |     1 |    11 ||    12
  Use: Scroll            |       |     5 ||     5
       Potion            |       |     2 ||     2
Armor: Leather armour    |    40 |    43 ||    83
       Skin              |       |     4 ||     4
Dodge: Dodged            |   100 |   193 ||   293

Table legend: (Time is in decaauts)
 A = Elapsed time spent in this place.
 B = Non-inter-level travel time spent in this place.
 C = Inter-level travel time spent in this place.
 D = Time resting spent in this place.
 E = Time spent auto-exploring this place.
 F = Levels seen in this place.
 G = Mean time per level.
                   A        B        C        D        E       F      G
               +--------+--------+--------+--------+--------+-----+--------+
         Total |   1700 |   1564 |    136 |     19 |    997 |   4 |  425.0 |
       Dungeon |   1337 |   1201 |    136 |     19 |    797 |   3 |  445.7 |
         Sewer |    363 |    363 |      0 |      0 |    200 |   1 |  363.0 |
               +--------+--------+--------+--------+--------+-----+--------+

Top non-repeatable levels by time:
     D:1: 691 daAuts
     D:2: 379 daAuts
   Sewer: 363 daAuts
     D:3: 265 daAuts
